 Dungeon Crawl Stone Soup version 0.29.0-15-g675c0067aa (webtiles) character file.

Game seed: 4525887444003665349

135210 qw the Warrior (level 16, -1/152 (160) HPs)
             Began as a Minotaur Berserker on Sept 12, 2022.
             Was an Elder of Trog.
             Killed by divine providence
             ... invoked by a smoke demon
             ... summoned by an orc sorcerer
              (13 damage)
             ... on level 2 of the Orcish Mines.
             The game lasted 00:09:48 (27838 turns).

qw the Warrior (Minotaur Berserker)                Turns: 27838, Time: 00:09:48

HP:   -1/152 (160)  AC: 30    Str: 29    XL:     16   Next: 63%
MP:   15/15         EV: 11    Int:  4    God:    Trog [****..]
Gold: 1455          SH:  6    Dex:  7    Spells: 15/15 levels left

rFire   x x x      SeeInvis +   u - +5 broad axe (freeze)
rCold   . . .      Faith    .   s - +0 buckler
rNeg    . . .      Spirit   .   A - +0 ice dragon scales
rPois   +          Reflect  .   l - +1 hat
rElec   .          Harm     .   t - +0 cloak of Foniwk {Will+++ Regen+ Dex-4 Slay+2}
rCorr   .          Rampage  .   q - +1 pair of gloves
Will    +++++                   w - +0 pair of boots
Stlth   ..........              n - amulet of Elemental Vulnerability {rPois rF-- rC-- AC+8}
HPRegen 2.15/turn               p - ring of see invisible
MPRegen 0.14/turn               y - +4 ring of slaying {mikee}

@: about to teleport, strong-willed, on berserk cooldown, regenerating, drained
A: horns 2, retaliatory headbutt, mutation resistance 1
a: Renounce Religion, Berserk, Trog's Hand, Brothers in Arms


You were on level 2 of the Orcish Mines.
You worshipped Trog.
Trog was greatly pleased with you.
You visited 3 branches of the dungeon, and saw 22 of its levels.
You also visited: Gauntlet.

You collected 2670 gold pieces.
You spent 1215 gold pieces at shops.


Innate Abilities, Weirdness & Mutations

You have a pair of horns on your head.
You reflexively headbutt those who attack you in melee.
You are somewhat resistant to further mutation.


   Skills:
 - Level 19.0 Fighting
 - Level 18.0 Axes
 + Level 10.0 Throwing
 - Level 16.2 Armour
 - Level 7.1 Dodging
 - Level 11.3 Shields


You had 15 spell levels left.
You didn't know any spells.
Your spell library was empty.

Inventory:

Hand Weapons
 g - the +4 flail "Lifebane" {spect, rPois}
   (You found it on level 2 of the Lair of Beasts)

   When its wielder attacks, the weapon's spirit leaps out and strikes again.
   The spirit shares a part of any damage it takes with its wielder.
   rPois:     It protects you from poison.
 i - a +1 morningstar of holy wrath
 u - a +5 broad axe of freezing (weapon)
Missiles
 a - a javelin
 m - 11 boomerangs
 r - 5 silver javelins (quivered)
 B - 3 boomerangs of dispersal
Armour
 h - a +0 plate armour
 l - a +1 hat (worn)
 q - a +1 pair of gloves (worn)
 s - a +0 buckler (worn)
 t - the +0 cloak of Foniwk (worn) {Will+++ Regen+ Dex-4 Slay+2}
   (You found it in a Gauntlet)

   Dex:       It affects your dexterity (-4).
   Slay:      It affects your accuracy & damage with ranged weapons and melee
   (+2).
   Regen:     It increases your rate of health regeneration.
   Will:      It greatly increases your willpower.
 w - a +0 pair of boots (worn)
 z - the +3 chain mail of the Pits of Slime {rCorr Dex+2}
   (You took it off an orc on level 15 of the Dungeon)

   Dex:       It affects your dexterity (+2).
   rCorr:     It protects you from acid and corrosion.
 A - +0 ice dragon scales (worn)
Jewellery
 n - the amulet of Elemental Vulnerability (around neck) {rPois rF-- rC-- AC+8}
   (You found it on level 4 of the Dungeon)

   [amulet of nothing]

   AC:        It affects your AC (+8).
   rF:        It makes you very vulnerable to fire.
   rC:        It makes you very vulnerable to cold.
   rPois:     It protects you from poison.
 o - a ring of fire
 p - a ring of see invisible (left hand)
 y - a +4 ring of slaying (right hand) {mikee}
 Y - the ring of Wiomexem {rF++ EV+4 Dex-3}
   (You found it on level 2 of the Lair of Beasts)

   [ring of evasion]

   EV:        It affects your evasion (+4).
   Dex:       It affects your dexterity (-3).
   rF:        It greatly protects you from fire.
Scrolls
 b - 10 scrolls of identify
 f - 8 scrolls of teleportation
Potions
 c - 18 potions of curing
 d - 2 potions of resistance
 e - 10 potions of heal wounds
 j - 8 potions of haste
 k - 4 potions of mutation
 v - a potion of might
 x - a potion of cancellation

Dungeon Overview and Level Annotations

Branches:
Dungeon (15/15)            Temple (0/1) D:6            Lair (5/5) D:10
 Shoals (0/4) Lair:2       Spider (0/4) Lair:3        Slime (0/5) Lair:5
    Orc (2/2) D:12            Elf (0/3) Orc:2        Vaults (0/5) D:14
 Depths (0/4) D:15        Gauntlet (visited)

Altars:
Cheibriados
Elyvilon
Fedhas
Gozag
Hepliaklqana
Kikubaaqudgha
Sif Muna
Uskayaw
Yredelemnul
The Shining One
Jiyva

Shops:
D:10 !   Orc:1 :   Orc:2 ??!

Portals:
Trove: D:12 (give +6 demon trident)

Annotations:
D:3 1 runed translucent door, Crazy Yiuf
D:5 2 transporters
D:7 1 runed translucent door, qw's ghost, novice GrFi
D:9 3 runed translucent doors
D:12 2 transporters
Lair:3 3 runed translucent doors, qw's ghost, journeyman TrCA


Message History

Your ogre disappears in a puff of smoke!
The orc sorcerer hits you but does no damage.
The orc high priest hits you but does no damage.
The orc sorcerer points at you and mumbles some strange words.
The bolt of negative energy hits you!!
You feel drained. The sun demon misses you. You furiously retaliate!
You headbutt the sun demon! The orc high priest barely misses you.
The orc sorcerer misses you. You furiously retaliate!
You headbutt the orc sorcerer!
An orc sorcerer comes into view.
It is wielding a +0 dagger and wearing a +2 robe of the Archmagi.
The orc sorcerer shouts!
27836 ||| INVOKING Brothers in Arms.
You fail to use your ability.
Your skin stops crawling.
You feel less strong-willed. The sun demon barely misses you.
You block the orc sorcerer's attack.
The orc high priest hits you but does no damage.
The orc sorcerer casts a spell at you. The bolt of fire hits you!!!
The fire burns you terribly!
The sun demon hits you but does no damage.
27837 ||| INVOKING Trog's Hand.
Your skin crawls.
You feel strong-willed. Trog will no longer gift you weapons.
You feel yourself speed up.
The sun demon hits you but does no damage.
The orc sorcerer barely misses you.
The orc high priest invokes the aid of Beogh against you.
Beogh smites you! You block the sun demon's attack.
The orc high priest barely misses you. The orc sorcerer casts a spell at you.
The bolt of fire hits you!! The fire burns you terribly!
The orc sorcerer gestures wildly while chanting.
You hear a shout!
27838 ||| READING 9 scrolls of teleportation.
As you read the scroll of teleportation, it crumbles to dust.
You feel strangely unstable.
The sun demon hits you but does no damage.
The orc sorcerer casts a spell.
The orc high priest calls down the wrath of Beogh upon you.
Beogh smites you! The smoke demon gestures at you. Something smites you!
You die...

.....# ##.............
>..### ##
#.............. ...#
##.###...........).
#.##
##...###.......).)..
###
##.....###........)))
.####
##.#...#.###....^#....
###.##
#.....))..###........)
##...#
...#3#)#)))###........
#...##
#3@)##.).###.......
#...#
#.o#oo##)..###......
##..#
#..###o4##...###.....
##..# #..#
#..##.#.###.... .#.##
#..# #..##)).###...
....## o##.
.##.#)###.... ...).##
..# ##...###.....
.)....## ...##
##...###......
...##..###...##
##...###..##...


You could see an orc high priest, a sun demon (summoned), an ice devil
(summoned), a smoke demon (summoned) and 3 orc sorcerers.

Vanquished Creatures
  Jorgrun (Orc:2)
  Rupert (Orc:2)
  Kirke (D:13)
  A minotaur (Gauntlet)
  Josephine (D:13)
  2 catoblepae
  8 hydras
  Erolcha (D:10)
  3 boulder beetles
  An ogre mage (Orc:2)
  2 ice dragons (D:15)
  11 two-headed ogres
  2 centaur warriors
  A tengu warrior (D:15)
  12 death yaks
  An orc high priest (Orc:2)
  Sonja (Lair:4)
  Urug (D:10)
  A wizard (D:14)
  6 skeletal warriors
  4 deep elf pyromancers
  7 orc knights
  A lindwurm (Lair:4)
  4 orc sorcerers
  An oklob plant (Lair:1)
  A wolf spider (Lair:5)
  4 manticores
  15 ugly things
  4 cyclopes
  A moth of wrath (Gauntlet)
  Maurice (Orc:2)
  9 black mambas
  7 elephants
  A guardian serpent (Lair:5)
  Joseph (Lair:1)
  A torpor snail (Lair:5)
  15 cane toads
  Psyche (D:12)
  2 kobold demonologists (D:10)
  An unseen horror (D:13)
  A rime drake (Lair:3)
  An efreet (D:15)
  An ice devil (Gauntlet)
  10 komodo dragons
  A wolf spider simulacrum (D:14)
  2 trolls
  10 polar bears
  2 hornets (Lair:5)
  6 slime creatures (D:15)
  2 polar bears (shapeshifter) (D:13)
  14 blink frogs
  6 dream sheep (Lair:3)
  2 raiju (Lair:5)
  A ynoxinul (Orc:2)
  A spriggan (Lair:4)
  A shadow (D:12)
  3 vampires
  Eustachio (D:5)
  13 wyverns
  7 wraiths
  33 yaks
  5 vampire mosquitoes (D:14)
  3 basilisks
  A chaos spawn (Orc:2)
  6 hogs (D:13)
  3 redbacks (Lair:5)
  Menkaure (D:4)
  A steam dragon (D:9)
  6 wargs (Lair:5)
  An acid dragon (D:11)
  20 water moccasins
  Duvessa (D:4)
  13 hell hounds (Lair:5)
  An ice beast (D:8)
  24 orc warriors
  2 sky beasts
  15 black bears
  10 ogres
  27 wolves
  A phantom (D:7)
  8 centaurs
  4 kobold brigands
  10 bullfrogs
  A gnoll sergeant (D:11)
  4 wights (D:7)
  Dowan (D:4)
  3 killer bees (D:9)
  A howler monkey (D:10)
  2 jellies
  3 hounds
  29 orc priests
  Ijyb (D:3)
  17 orc wizards
  Natasha (D:3)
  7 iguanas
  Robin (D:3)
  11 gnolls
  4 adders
  3 white imps (Gauntlet)
  An ufetubus (D:6)
  2 worms
  A dart slug (D:4)
  77 orcs
  5 ball pythons
  7 bats
  15 endoplasms
  7 giant cockroaches
  14 goblins
  13 hobgoblins
  8 jackals
  5 frilled lizards
  12 kobolds
  7 rats
683 creatures vanquished.

Vanquished Creatures (collateral kills)
  A demonspawn (Orc:2)
  2 skeletal warriors (D:11)
  An obsidian statue (Gauntlet)
  An orc sorcerer (Orc:2)
  A red devil (Orc:2)
  An orc warrior (Orc:2)
  An orc priest (Orc:2)
  A kobold (D:11)
9 creatures vanquished.

Vanquished Creatures (others)
  A spriggan (Lair:4)
  51 fungi
  146 plants
  2 withered plants (D:7)
200 creatures vanquished.

Grand Total: 892 creatures vanquished

Notes
Turn   | Place    | Note
-------+----------+-------------------------------------------
     0 | D:1      | qw the Minotaur Berserker began the quest for the Orb.
     0 | D:1      | Reached XP level 1. HP: 19/19 MP: 0/0
     0 | D:1      | 0 ||| qw: Version: 0.1-a-119-g272c26d
     0 | D:1      | 0 ||| qw: Game counter: 10861
     0 | D:1      | 0 ||| qw: Always use a shield: true
     0 | D:1      | 0 ||| qw: Do Orc after D:15 true
     0 | D:1      | 0 ||| qw: Do second Lair branch before Depths: true
     0 | D:1      | 0 ||| qw: Lair rune preference: random
     0 | D:1      | 0 ||| qw: Plans: Normal
     0 | D:1      | 0 ||| PLANNING D:1-11
     1 | D:1      | Found a runed translucent door.
    81 | D:1      | 81 ||| Stepping ~*~*~tactically~*~*~ (stealth).
   220 | D:1      | Reached XP level 2. HP: 26/26 MP: 1/1
   287 | D:1      | 287 ||| Stepping ~*~*~tactically~*~*~ (stealth).
   420 | D:1      | 420 ||| Stepping ~*~*~tactically~*~*~ (stealth).
   703 | D:1      | 703 ||| UPGRADING to +0 ring mail.
   713 | D:1      | 713 ||| DROPPING +0 animal skin.
   714 | D:1      | 714 ||| UPGRADING to +0 plate armour.
   724 | D:1      | 724 ||| DROPPING +0 ring mail.
   725 | D:1      | 725 ||| READING scroll labelled VOEMMETRER.
   726 | D:1      | 726 ||| READING scroll labelled CUSTIA ECHEYRO.
   727 | D:1      | 727 ||| READING scroll labelled QATOID UXKOA.
   728 | D:1      | 728 ||| DRINKING 2 pink potions.
   729 | D:1      | 729 ||| Stepping randomly (stuck).
   745 | D:1      | Reached XP level 3. HP: 26/31 MP: 2/2
   757 | D:1      | 757 ||| INVOKING Berserk.
   760 | D:1      | Reached ** piety under Trog
  1022 | D:2      | Found a faded altar of an unknown god.
  1055 | D:2      | 1055 ||| Stepping ~*~*~tactically~*~*~ (stealth).
  1192 | D:2      | 1192 ||| INVOKING Berserk.
  1350 | D:2      | Reached skill level 6 in Axes
  1350 | D:2      | Reached XP level 4. HP: 38/39 MP: 3/3
  1745 | D:2      | 1745 ||| READING 3 scrolls labelled SOXZAU ICAFF.
  1746 | D:2      | 1746 ||| READING scroll labelled FETONW VIGE.
  1751 | D:2      | 1751 ||| READING scroll labelled OZORHYAFAP.
  1752 | D:2      | 1752 ||| DRINKING 2 lumpy black potions.
  1753 | D:2      | 1753 ||| READING 2 scrolls of identify.
  1753 | D:2      | 1753 ||| IDENTIFYING emerald potion
  1754 | D:2      | 1754 ||| DROPPING potion of brilliance.
  1770 | D:3      | Noticed Robin
  1770 | D:3      | Noticed Ijyb
  1773 | D:3      | 1773 ||| INVOKING Berserk.
  1777 | D:3      | Killed Robin
  1784 | D:3      | Killed Ijyb
  1789 | D:3      | 1789 ||| FLEEEEING.
  1790 | D:3      | 1790 ||| STAIRDANCE
  1953 | D:3      | 1953 ||| STAIRDANCE
  2147 | D:3      | Found a runed translucent door.
  2148 | D:3      | Noticed Crazy Yiuf
  2255 | D:3      | Noticed Natasha
  2259 | D:3      | 2259 ||| INVOKING Berserk.
  2264 | D:3      | Killed Natasha
  2265 | D:3      | Reached skill level 1 in Throwing
  2265 | D:3      | Reached XP level 5. HP: 45/45 MP: 4/4
  2335 | D:3      | 2335 ||| Stepping ~*~*~tactically~*~*~ (stealth).
  2336 | D:3      | 2336 ||| Stepping ~*~*~tactically~*~*~ (stealth).
  2338 | D:3      | 2338 ||| Stepping ~*~*~tactically~*~*~ (stealth).
  2353 | D:3      | 2353 ||| INVOKING Berserk.
  2503 | D:3      | 2503 ||| Stepping ~*~*~tactically~*~*~ (stealth).
  2505 | D:3      | 2505 ||| Stepping ~*~*~tactically~*~*~ (hiding).
  2506 | D:3      | 2506 ||| INVOKING Berserk.
  2513 | D:3      | Reached skill level 4 in Fighting
  2643 | D:3      | Found a blossoming altar of Fedhas.
  2816 | D:3      | 2816 ||| READING scroll labelled ONKAORRA LIXUCH.
  2817 | D:3      | 2817 ||| READING scroll labelled WOHEXT ONER.
  2818 | D:3      | 2818 ||| READING scroll labelled ILYORGHUA MIRCH.
  2819 | D:3      | 2819 ||| DRINKING 2 fizzy red potions.
  2819 | D:3      | Gained mutation: You are somewhat resistant to further
                  | mutation. [potion of mutation]
  2839 | D:4      | Noticed an ogre
  2841 | D:4      | 2841 ||| INVOKING Berserk.
  2843 | D:4      | Killed an ogre
  2844 | D:4      | Reached XP level 6. HP: 52/52 MP: 5/5
  3022 | D:4      | 3022 ||| DROPPING +0 club.
  3167 | D:4      | 3167 ||| INVOKING Berserk.
  3285 | D:4      | Found a glowing golden altar of the Shining One.
  3286 | D:4      | 3286 ||| SWAPPING to +0 war axe.
  3287 | D:4      | 3287 ||| DROPPING +0 hand axe of electrocution.
  3321 | D:4      | Noticed Menkaure
  3322 | D:4      | 3322 ||| Stepping ~*~*~tactically~*~*~ (hiding).
  3327 | D:4      | 3327 ||| INVOKING Berserk.
  3328 | D:4      | Killed Menkaure
  3441 | D:4      | Reached XP level 7. HP: 59/59 MP: 6/6
  3443 | D:4      | Noticed Duvessa
  3443 | D:4      | Noticed Dowan
  3446 | D:4      | 3446 ||| INVOKING Berserk.
  3451 | D:4      | Killed Duvessa
  3452 | D:4      | Reached skill level 9 in Axes
  3460 | D:4      | Killed Dowan
  3461 | D:4      | 3461 ||| FLEEEEING.
  3462 | D:4      | 3462 ||| FLEEEEING.
  3463 | D:4      | 3463 ||| FLEEEEING.
  3464 | D:4      | 3464 ||| FLEEEEING.
  3465 | D:4      | 3465 ||| FLEEEEING.
  3466 | D:4      | 3466 ||| FLEEEEING.
  3467 | D:4      | 3467 ||| FLEEEEING.
  3468 | D:4      | 3468 ||| FLEEEEING.
  3469 | D:4      | 3469 ||| FLEEEEING.
  3470 | D:4      | 3470 ||| FLEEEEING.
  3471 | D:4      | 3471 ||| FLEEEEING.
  3472 | D:4      | 3472 ||| FLEEEEING.
  3473 | D:4      | 3473 ||| FLEEEEING.
  3474 | D:4      | 3474 ||| FLEEEEING.
  3485 | D:4      | 3485 ||| FLEEEEING.
  3486 | D:4      | 3486 ||| FLEEEEING.
  3487 | D:4      | 3487 ||| FLEEEEING.
  3698 | D:4      | Found the amulet of Elemental Vulnerability {rPois rF--
                  | rC-- AC+8}
  3804 | D:4      | 3804 ||| UPGRADING to amulet of Elemental Vulnerability
                  | {rPois rF-- rC-- AC+8}.
  3809 | D:4      | 3809 ||| READING scroll labelled SUUROI TOTESO.
  3810 | D:4      | 3810 ||| DRINKING 2 golden potions.
  3827 | D:5      | Entered Level 5 of the Dungeon
  3836 | D:5      | 3836 ||| INVOKING Berserk.
  3962 | D:5      | 3962 ||| Stepping ~*~*~tactically~*~*~ (stealth).
  3966 | D:5      | 3966 ||| INVOKING Berserk.
  3970 | D:5      | Reached skill level 5 in Fighting
  4207 | D:5      | 4207 ||| Stepping ~*~*~tactically~*~*~ (stealth).
  4208 | D:5      | Noticed Eustachio
  4216 | D:5      | 4216 ||| INVOKING Berserk.
  4244 | D:5      | Killed Eustachio
  4245 | D:5      | Reached XP level 8. HP: 66/70 MP: 7/7
  4597 | D:5      | 4597 ||| DROPPING +0 whip.
  4615 | D:5      | 4615 ||| Stepping ~*~*~tactically~*~*~ (hiding).
  4616 | D:5      | 4616 ||| Stepping ~*~*~tactically~*~*~ (hiding).
  4664 | D:5      | Found a transporter.
  4773 | D:5      | Found a transporter.
  4847 | D:5      | Found an opulent altar of Gozag.
  5011 | D:5      | Found a hazy altar of Hepliaklqana.
  5031 | D:5      | 5031 ||| Stepping ~*~*~tactically~*~*~ (stealth).
  5034 | D:5      | 5034 ||| Stepping ~*~*~tactically~*~*~ (stealth).
  5392 | D:5      | 5392 ||| DROPPING ring of flight.
  5393 | D:5      | 5393 ||| UPGRADING to ring of see invisible.
  5562 | D:6      | Reached skill level 6 in Fighting
  5589 | D:6      | 5589 ||| Stepping ~*~*~tactically~*~*~ (hiding).
  5590 | D:6      | 5590 ||| Stepping ~*~*~tactically~*~*~ (stealth).
  5598 | D:6      | 5598 ||| Stepping ~*~*~tactically~*~*~ (stealth).
  5599 | D:6      | 5599 ||| Stepping ~*~*~tactically~*~*~ (stealth).
  5605 | D:6      | 5605 ||| DROPPING +0 flail.
  5914 | D:6      | Found a staircase to the Ecumenical Temple.
  5928 | D:6      | 5928 ||| Stepping ~*~*~tactically~*~*~ (hiding).
  6052 | D:6      | Reached *** piety under Trog
  6185 | D:6      | 6185 ||| READING scroll labelled XACUHA AG QAKH.
  6186 | D:6      | 6186 ||| READING 3 scrolls of identify.
  6186 | D:6      | 6186 ||| IDENTIFYING inky potion
  6187 | D:6      | 6187 ||| READING 2 scrolls of identify.
  6187 | D:6      | 6187 ||| IDENTIFYING fizzy blue potion
  6188 | D:6      | 6188 ||| DROPPING potion of attraction.
  6189 | D:6      | 6189 ||| DROPPING potion of flight.
  6429 | D:7      | 6429 ||| Stepping ~*~*~tactically~*~*~ (stealth).
  6504 | D:7      | Noticed a two-headed ogre
  6505 | D:7      | 6505 ||| INVOKING Berserk.
  6511 | D:7      | Killed a two-headed ogre
  6512 | D:7      | Reached skill level 12 in Axes
  6512 | D:7      | Reached XP level 9. HP: 75/75 MP: 8/8
  6672 | D:7      | Noticed a two-headed ogre
  6676 | D:7      | 6676 ||| INVOKING Berserk.
  6678 | D:7      | Killed a two-headed ogre
  6679 | D:7      | Reached skill level 8 in Fighting
  6824 | D:7      | Found a runed translucent door.
  6825 | D:7      | Noticed qw's ghost (novice GrFi)
  7368 | D:7      | 7368 ||| READING 2 scrolls labelled GUNAIS GASUL.
  7369 | D:7      | 7369 ||| READING scroll of enchant weapon.
  7369 | D:7      | 7369 ||| ENCHANTING +1 war axe.
  7386 | D:8      | 7386 ||| INVOKING Berserk.
  7392 | D:8      | Reached skill level 6 in Armour
  7504 | D:8      | 7504 ||| Stepping ~*~*~tactically~*~*~ (stealth).
  7900 | D:8      | Found a basalt altar of Yredelemnul.
  7952 | D:8      | 7952 ||| INVOKING Berserk.
  8128 | D:8      | Reached XP level 10. HP: 79/89 MP: 9/9
  8209 | D:8      | 8209 ||| Stepping ~*~*~tactically~*~*~ (hiding).
  8212 | D:8      | 8212 ||| INVOKING Berserk.
  8451 | D:8      | Found a white marble altar of Elyvilon.
  8559 | D:8      | 8559 ||| UPGRADING to +0 pair of gloves.
  8564 | D:8      | 8564 ||| READING scroll labelled CEASAK ZAUCY.
  8565 | D:8      | 8565 ||| READING scroll labelled QELEAR FAEPOT.
  8566 | D:8      | 8566 ||| DRINKING 2 green potions.
  8567 | D:8      | 8567 ||| READING 2 scrolls of identify.
  8567 | D:8      | 8567 ||| IDENTIFYING ruby potion
  8568 | D:8      | 8568 ||| DROPPING potion of degeneration.
  8569 | D:8      | 8569 ||| DROPPING potion of lignification.
  8584 | D:9      | 8584 ||| Stepping ~*~*~tactically~*~*~ (hiding).
  8589 | D:9      | 8589 ||| INVOKING Berserk.
  8831 | D:9      | 8831 ||| Stepping ~*~*~tactically~*~*~ (hiding).
  8839 | D:9      | 8839 ||| Stepping ~*~*~tactically~*~*~ (hiding).
  8870 | D:9      | 8870 ||| Stepping ~*~*~tactically~*~*~ (stealth).
  9006 | D:9      | 9006 ||| Stepping ~*~*~tactically~*~*~ (hiding).
  9009 | D:9      | 9009 ||| INVOKING Berserk.
  9343 | D:9      | 9343 ||| Stepping ~*~*~tactically~*~*~ (hiding).
  9452 | D:9      | Found a shimmering blue altar of Sif Muna.
  9482 | D:9      | Found a runed translucent gate.
  9483 | D:9      | Found a runed translucent gate.
  9483 | D:9      | Found a runed translucent gate.
  9484 | D:9      | Noticed a glowing orange brain
  9484 | D:9      | Noticed a brown ugly thing
  9484 | D:9      | Noticed a white ugly thing
  9484 | D:9      | Noticed a brown ugly thing
  9485 | D:9      | Noticed a mana viper
  9485 | D:9      | Noticed a white ugly thing
  9488 | D:9      | Noticed an elephant
  9488 | D:9      | an elephant changed into a floating eye
  9489 | D:9      | Noticed a fire crab
  9489 | D:9      | a floating eye changed into a fire crab
  9491 | D:9      | Noticed a harpy
  9491 | D:9      | a fire crab changed into a harpy
  9499 | D:9      | a harpy changed into a raiju
  9600 | D:9      | Reached **** piety under Trog
  9731 | D:9      | 9731 ||| Stepping ~*~*~tactically~*~*~ (stealth).
  9732 | D:9      | 9732 ||| Stepping ~*~*~tactically~*~*~ (stealth).
  9735 | D:9      | 9735 ||| Stepping ~*~*~tactically~*~*~ (stealth).
  9740 | D:9      | Reached skill level 15 in Axes
 10112 | D:9      | 10112 ||| READING scroll labelled OXE PIESKU.
 10135 | D:10     | Entered Level 10 of the Dungeon
 10138 | D:10     | 10138 ||| Stepping ~*~*~tactically~*~*~ (hiding).
 10140 | D:10     | 10140 ||| Stepping ~*~*~tactically~*~*~ (hiding).
 10143 | D:10     | 10143 ||| INVOKING Berserk.
 10146 | D:10     | Reached skill level 9 in Fighting
 10276 | D:10     | 10276 ||| INVOKING Berserk.
 10492 | D:10     | Noticed Urug
 10497 | D:10     | 10497 ||| INVOKING Berserk.
 10504 | D:10     | Killed Urug
 10516 | D:10     | Reached skill level 3 in Dodging
 10713 | D:10     | Noticed an elephant
 10718 | D:10     | Reached XP level 11. HP: 97/97 MP: 10/10
 10720 | D:10     | 10720 ||| INVOKING Berserk.
 10721 | D:10     | Noticed Erolcha
 10729 | D:10     | Found a staircase to the Lair.
 10732 | D:10     | 10732 ||| DRINKING 6 potions of curing.
 10732 | D:10     | 10732 ||| (to cure confusion)
 10733 | D:10     | 10733 ||| INVOKING Trog's Hand.
 10739 | D:10     | Killed Erolcha
 10740 | D:10     | Reached skill level 10 in Fighting
 10933 | D:10     | Found an ancient bone altar of Kikubaaqudgha.
 10933 | D:10     | Found a hide-covered altar of Uskayaw.
 11022 | D:10     | Found Huinahim's Distillery.
 11077 | D:10     | 11077 ||| BUYING potion of curing (48 gold).
 11077 | D:10     | Bought a potion of curing for 48 gold pieces
 11077 | D:10     | 11077 ||| BUYING potion of haste (160 gold).
 11077 | D:10     | Bought a potion of haste for 160 gold pieces
 11077 | D:10     | 11077 ||| BUYING potion of haste (160 gold).
 11077 | D:10     | Bought a potion of haste for 160 gold pieces
 11077 | D:10     | 11077 ||| BUYING potion of heal wounds (80 gold).
 11077 | D:10     | Bought a potion of heal wounds for 80 gold pieces
 11234 | D:10     | 11234 ||| PLANNING LAIR
 11266 | Lair:1   | Entered Level 1 of the Lair of Beasts
 11277 | Lair:1   | Noticed an oklob plant
 11283 | Lair:1   | 11283 ||| INVOKING Berserk.
 11290 | Lair:1   | Killed an oklob plant
 11438 | Lair:1   | 11438 ||| INVOKING Berserk.
 11453 | Lair:1   | Reached skill level 9 in Armour
 11625 | Lair:1   | Noticed Joseph
 11643 | Lair:1   | Killed Joseph
 11772 | Lair:1   | 11772 ||| Stepping ~*~*~tactically~*~*~ (stealth).
 11774 | Lair:1   | 11774 ||| Stepping ~*~*~tactically~*~*~ (stealth).
 11780 | Lair:1   | 11780 ||| INVOKING Berserk.
 11925 | Lair:1   | 11925 ||| INVOKING Berserk.
 12210 | Lair:1   | 12210 ||| SWAPPING to +0 broad axe.
 12213 | Lair:1   | 12213 ||| INVOKING Berserk.
 12306 | Lair:1   | 12306 ||| DROPPING +2 war axe.
 12380 | Lair:1   | 12380 ||| INVOKING Berserk.
 12615 | Lair:1   | 12615 ||| INVOKING Berserk.
 12866 | Lair:1   | 12866 ||| READING scroll labelled LUAR QAMIOL.
 13068 | Lair:2   | 13068 ||| STAIRDANCE
 13104 | Lair:2   | 13104 ||| Stepping ~*~*~tactically~*~*~ (stealth).
 13107 | Lair:2   | 13107 ||| INVOKING Berserk.
 13258 | Lair:2   | 13258 ||| Stepping ~*~*~tactically~*~*~ (stealth).
 13259 | Lair:2   | 13259 ||| Stepping ~*~*~tactically~*~*~ (stealth).
 13260 | Lair:2   | 13260 ||| Stepping ~*~*~tactically~*~*~ (stealth).
 13265 | Lair:2   | 13265 ||| INVOKING Berserk.
 13402 | Lair:2   | Identified the +4 flail "Lifebane" {spect, rPois}
 13462 | Lair:2   | Noticed a death yak
 13462 | Lair:2   | Noticed a death yak
 13464 | Lair:2   | Noticed a death yak
 13465 | Lair:2   | 13465 ||| INVOKING Berserk.
 13465 | Lair:2   | Noticed a death yak
 13470 | Lair:2   | Killed a death yak
 13479 | Lair:2   | Killed a death yak
 13480 | Lair:2   | Killed a death yak
 13484 | Lair:2   | Killed a death yak
 13485 | Lair:2   | Reached skill level 18 in Axes
 13485 | Lair:2   | Reached XP level 12. HP: 108/108 MP: 11/11
 13644 | Lair:2   | 13644 ||| READING scroll of enchant weapon.
 13644 | Lair:2   | 13644 ||| ENCHANTING +0 broad axe.
 13720 | Lair:2   | Found a staircase to the Shoals.
 13722 | Lair:2   | 13722 ||| READING scroll of enchant armour.
 13722 | Lair:2   | 13722 ||| ENCHANTING +0 pair of gloves.
 13729 | Lair:2   | Identified the ring of Wiomexem {rF++ EV+4 Dex-3}
 13963 | Lair:2   | 13963 ||| UPGRADING to ring of Wiomexem {rF++ EV+4 Dex-3}.
 13964 | Lair:2   | 13964 ||| DRINKING 2 fizzy brown potions.
 13965 | Lair:2   | 13965 ||| DROPPING potion of magic.
 13989 | Lair:3   | 13989 ||| INVOKING Berserk.
 14107 | Lair:3   | 14107 ||| Stepping ~*~*~tactically~*~*~ (stealth).
 14111 | Lair:3   | Reached skill level 11 in Fighting
 14196 | Lair:3   | 14196 ||| Stepping ~*~*~tactically~*~*~ (stealth).
 14213 | Lair:3   | 14213 ||| Stepping ~*~*~tactically~*~*~ (stealth).
 14261 | Lair:3   | Noticed a catoblepas
 14262 | Lair:3   | 14262 ||| Stepping ~*~*~tactically~*~*~ (hiding).
 14268 | Lair:3   | 14268 ||| INVOKING Berserk.
 14294 | Lair:3   | Killed a catoblepas
 14295 | Lair:3   | Reached skill level 12 in Fighting
 14493 | Lair:3   | Found a runed translucent gate.
 14493 | Lair:3   | Found a runed translucent gate.
 14493 | Lair:3   | Found a runed translucent gate.
 14493 | Lair:3   | Noticed a minotaur
 14505 | Lair:3   | Noticed a seven-headed hydra
 14506 | Lair:3   | 14506 ||| INVOKING Brothers in Arms.
 14507 | Lair:3   | 14507 ||| INVOKING Brothers in Arms.
 14509 | Lair:3   | 14509 ||| SWAPPING to +1 morningstar of holy wrath.
 14510 | Lair:3   | 14510 ||| INVOKING Berserk.
 14513 | Lair:3   | Killed a seven-headed hydra
 14548 | Lair:3   | 14548 ||| SWAPPING to +1 broad axe.
 14695 | Lair:3   | Noticed a four-headed hydra
 14700 | Lair:3   | 14700 ||| SWAPPING to +1 morningstar of holy wrath.
 14701 | Lair:3   | 14701 ||| INVOKING Berserk.
 14703 | Lair:3   | Killed a four-headed hydra
 14717 | Lair:3   | 14717 ||| SWAPPING to +1 broad axe.
 14822 | Lair:3   | Noticed a death yak
 14822 | Lair:3   | Noticed a death yak
 14823 | Lair:3   | Noticed a death yak
 14823 | Lair:3   | 14823 ||| Stepping ~*~*~tactically~*~*~ (stealth).
 14824 | Lair:3   | Noticed a death yak
 14825 | Lair:3   | 14825 ||| Stepping ~*~*~tactically~*~*~ (stealth).
 14828 | Lair:3   | Noticed a death yak
 14829 | Lair:3   | 14829 ||| INVOKING Berserk.
 14836 | Lair:3   | Killed a death yak
 14837 | Lair:3   | Killed a death yak
 14838 | Lair:3   | Reached skill level 13 in Fighting
 14838 | Lair:3   | Killed a death yak
 14843 | Lair:3   | Killed a death yak
 14846 | Lair:3   | Killed a death yak
 15078 | Lair:3   | Noticed qw's ghost (journeyman TrCA)
 15226 | Lair:3   | Reached skill level 6 in Throwing
 15306 | Lair:3   | Found a hole to the Spider Nest.
 15331 | Lair:3   | Noticed a boulder beetle
 15335 | Lair:3   | 15335 ||| INVOKING Berserk.
 15340 | Lair:3   | Killed a boulder beetle
 15856 | Lair:3   | 15856 ||| UPGRADING to +0 buckler.
 15861 | Lair:3   | 15861 ||| UPGRADING to +0 pair of boots.
 15881 | Lair:4   | Noticed Sonja
 15894 | Lair:4   | Killed Sonja
 15993 | Lair:4   | 15993 ||| Stepping ~*~*~tactically~*~*~ (stealth).
 15997 | Lair:4   | 15997 ||| Stepping ~*~*~tactically~*~*~ (stealth).
 16001 | Lair:4   | 16001 ||| Stepping ~*~*~tactically~*~*~ (stealth).
 16051 | Lair:4   | Reached skill level 3 in Shields
 16118 | Lair:4   | Reached XP level 13. HP: 117/122 MP: 12/12
 16236 | Lair:4   | 16236 ||| INVOKING Berserk.
 16403 | Lair:4   | 16403 ||| Stepping ~*~*~tactically~*~*~ (stealth).
 16409 | Lair:4   | Reached skill level 6 in Shields
 16409 | Lair:4   | 16409 ||| Stepping ~*~*~tactically~*~*~ (hiding).
 16476 | Lair:4   | 16476 ||| INVOKING Berserk.
 16548 | Lair:4   | 16548 ||| INVOKING Berserk.
 16612 | Lair:4   | Found a snail-covered altar of Cheibriados.
 16619 | Lair:4   | 16619 ||| Stepping ~*~*~tactically~*~*~ (hiding).
 16620 | Lair:4   | 16620 ||| Stepping ~*~*~tactically~*~*~ (hiding).
 16627 | Lair:4   | 16627 ||| Stepping ~*~*~tactically~*~*~ (cloud).
 16628 | Lair:4   | 16628 ||| Stepping ~*~*~tactically~*~*~ (stealth).
 16650 | Lair:4   | 16650 ||| INVOKING Berserk.
 16830 | Lair:4   | 16830 ||| INVOKING Brothers in Arms.
 16831 | Lair:4   | 16831 ||| INVOKING Brothers in Arms.
 16832 | Lair:4   | 16832 ||| INVOKING Brothers in Arms.
 16833 | Lair:4   | 16833 ||| INVOKING Brothers in Arms.
 16834 | Lair:4   | 16834 ||| INVOKING Brothers in Arms.
 16835 | Lair:4   | 16835 ||| INVOKING Brothers in Arms.
 16836 | Lair:4   | 16836 ||| INVOKING Brothers in Arms.
 16837 | Lair:4   | 16837 ||| INVOKING Brothers in Arms.
 16838 | Lair:4   | 16838 ||| SWAPPING to +1 morningstar of holy wrath.
 16839 | Lair:4   | 16839 ||| INVOKING Berserk.
 16943 | Lair:4   | 16943 ||| SWAPPING to +1 broad axe.
 17087 | Lair:4   | 17087 ||| READING scroll of brand weapon.
 17087 | Lair:4   | 17087 ||| BRANDING +1 broad axe.
 17240 | Lair:4   | 17240 ||| INVOKING Berserk.
 17418 | Lair:4   | 17418 ||| SWAPPING to +1 morningstar of holy wrath.
 17419 | Lair:4   | 17419 ||| INVOKING Berserk.
 17428 | Lair:4   | 17428 ||| SWAPPING to +1 broad axe of venom.
 17699 | Lair:5   | Entered Level 5 of the Lair of Beasts
 17699 | Lair:5   | Found a staircase to the Slime Pits.
 17699 | Lair:5   | Found a viscous altar of Jiyva.
 17700 | Lair:5   | 17700 ||| STAIRDANCE
 17758 | Lair:5   | 17758 ||| INVOKING Berserk.
 17771 | Lair:5   | Reached skill level 12 in Armour
 17780 | Lair:5   | 17780 ||| FLEEEEING.
 17781 | Lair:5   | 17781 ||| FLEEEEING.
 17782 | Lair:5   | 17782 ||| STAIRDANCE
 17861 | Lair:5   | 17861 ||| INVOKING Berserk.
 18024 | Lair:5   | 18024 ||| INVOKING Berserk.
 18033 | Lair:5   | Reached skill level 9 in Shields
 18126 | Lair:5   | 18126 ||| Stepping ~*~*~tactically~*~*~ (stealth).
 18192 | Lair:5   | 18192 ||| Stepping ~*~*~tactically~*~*~ (stealth).
 18216 | Lair:5   | Reached skill level 14 in Fighting
 18270 | Lair:5   | 18270 ||| SWAPPING to +1 morningstar of holy wrath.
 18271 | Lair:5   | 18271 ||| INVOKING Berserk.
 18279 | Lair:5   | 18279 ||| SWAPPING to +1 broad axe of venom.
 18404 | Lair:5   | 18404 ||| Stepping ~*~*~tactically~*~*~ (stealth).
 18405 | Lair:5   | 18405 ||| Stepping ~*~*~tactically~*~*~ (stealth).
 18428 | Lair:5   | 18428 ||| Stepping ~*~*~tactically~*~*~ (stealth).
 18437 | Lair:5   | 18437 ||| FLEEEEING.
 18438 | Lair:5   | 18438 ||| FLEEEEING.
 18439 | Lair:5   | 18439 ||| FLEEEEING.
 18441 | Lair:5   | 18441 ||| FLEEEEING.
 18442 | Lair:5   | 18442 ||| FLEEEEING.
 18443 | Lair:5   | 18443 ||| FLEEEEING.
 18444 | Lair:5   | 18444 ||| FLEEEEING.
 18479 | Lair:5   | 18479 ||| Stepping ~*~*~tactically~*~*~ (stealth).
 18480 | Lair:5   | 18480 ||| Stepping ~*~*~tactically~*~*~ (stealth).
 18545 | Lair:5   | 18545 ||| Stepping ~*~*~tactically~*~*~ (stealth).
 18562 | Lair:5   | 18562 ||| Stepping ~*~*~tactically~*~*~ (stealth).
 18565 | Lair:5   | 18565 ||| Stepping ~*~*~tactically~*~*~ (stealth).
 18569 | Lair:5   | 18569 ||| Stepping ~*~*~tactically~*~*~ (stealth).
 18571 | Lair:5   | 18571 ||| INVOKING Berserk.
 18601 | Lair:5   | Reached skill level 15 in Fighting
 18604 | Lair:5   | HP: 30/126 [polar bear (7)]
 18605 | Lair:5   | 18605 ||| READING 6 scrolls of teleportation.
 18606 | Lair:5   | 18606 ||| DRINKING 9 potions of heal wounds.
 18844 | Lair:5   | 18844 ||| INVOKING Berserk.
 19019 | Lair:5   | 19019 ||| INVOKING Berserk.
 19110 | Lair:5   | 19110 ||| INVOKING Berserk.
 19120 | Lair:5   | Reached XP level 14. HP: 135/135 MP: 13/13
 19164 | Lair:5   | 19164 ||| Stepping ~*~*~tactically~*~*~ (stealth).
 19166 | Lair:5   | 19166 ||| Stepping ~*~*~tactically~*~*~ (stealth).
 19168 | Lair:5   | 19168 ||| Stepping ~*~*~tactically~*~*~ (stealth).
 19204 | Lair:5   | 19204 ||| Stepping ~*~*~tactically~*~*~ (stealth).
 19214 | Lair:5   | 19214 ||| Stepping ~*~*~tactically~*~*~ (stealth).
 19217 | Lair:5   | 19217 ||| Stepping ~*~*~tactically~*~*~ (stealth).
 19409 | Lair:5   | 19409 ||| Stepping ~*~*~tactically~*~*~ (stealth).
 19410 | Lair:5   | 19410 ||| Stepping ~*~*~tactically~*~*~ (stealth).
 19427 | Lair:5   | Identified the ring of Wauj {Fly Dex+3}
 19522 | Lair:5   | 19522 ||| Stepping ~*~*~tactically~*~*~ (stealth).
 19556 | Lair:5   | Reached ***** piety under Trog
 19627 | Lair:5   | 19627 ||| Stepping ~*~*~tactically~*~*~ (stealth).
 19631 | Lair:5   | 19631 ||| Stepping ~*~*~tactically~*~*~ (hiding).
 19650 | Lair:5   | 19650 ||| Stepping ~*~*~tactically~*~*~ (stealth).
 19799 | Lair:5   | 19799 ||| Stepping ~*~*~tactically~*~*~ (hiding).
 19901 | Lair:5   | 19901 ||| Stepping ~*~*~tactically~*~*~ (stealth).
 19911 | Lair:5   | 19911 ||| Stepping ~*~*~tactically~*~*~ (stealth).
 20184 | Lair:5   | 20184 ||| Stepping ~*~*~tactically~*~*~ (stealth).
 20186 | Lair:5   | 20186 ||| INVOKING Berserk.
 20492 | Lair:5   | 20492 ||| PLANNING D:1-11
 20492 | Lair:5   | 20492 ||| DROPPING ring of see invisible.
 20493 | Lair:5   | 20493 ||| DROPPING ring of Wauj {Fly Dex+3}.
 20494 | Lair:5   | 20494 ||| DRINKING 2 orange potions.
 20495 | Lair:5   | 20495 ||| DRINKING 2 viscous golden potions.
 20496 | Lair:5   | 20496 ||| READING 4 scrolls of identify.
 20496 | Lair:5   | 20496 ||| IDENTIFYING murky dark potion
 20497 | Lair:5   | 20497 ||| DRINKING potion of experience.
 20497 | Lair:5   | Reached skill level 16 in Fighting
 20497 | Lair:5   | Reached XP level 15. HP: 146/146 MP: 14/14
 20498 | Lair:5   | 20498 ||| READING 3 scrolls of identify.
 20498 | Lair:5   | 20498 ||| IDENTIFYING fuming purple potion
 20499 | Lair:5   | 20499 ||| READING 2 scrolls of identify.
 20499 | Lair:5   | 20499 ||| IDENTIFYING murky black potion
 20500 | Lair:5   | 20500 ||| DROPPING potion of invisibility.
 20643 | D:11     | 20643 ||| Stepping ~*~*~tactically~*~*~ (hiding).
 20645 | D:11     | 20645 ||| Stepping ~*~*~tactically~*~*~ (hiding).
 20646 | D:11     | 20646 ||| Stepping ~*~*~tactically~*~*~ (hiding).
 20649 | D:11     | Reached skill level 17 in Fighting
 20655 | D:11     | 20655 ||| Stepping ~*~*~tactically~*~*~ (stealth).
 20714 | D:11     | 20714 ||| Stepping ~*~*~tactically~*~*~ (stealth).
 20715 | D:11     | 20715 ||| Stepping ~*~*~tactically~*~*~ (stealth).
 20845 | D:11     | 20845 ||| INVOKING Berserk.
 20859 | D:11     | 20859 ||| INVOKING Brothers in Arms.
 20860 | D:11     | 20860 ||| INVOKING Brothers in Arms.
 21329 | D:11     | 21329 ||| PLANNING D
 21329 | D:11     | 21329 ||| UPGRADING to +1 hat.
 21349 | D:12     | 21349 ||| Stepping ~*~*~tactically~*~*~ (hiding).
 21350 | D:12     | 21350 ||| Stepping ~*~*~tactically~*~*~ (hiding).
 21351 | D:12     | 21351 ||| Stepping ~*~*~tactically~*~*~ (hiding).
 21352 | D:12     | 21352 ||| Stepping ~*~*~tactically~*~*~ (hiding).
 21355 | D:12     | 21355 ||| Stepping ~*~*~tactically~*~*~ (hiding).
 21359 | D:12     | 21359 ||| Stepping ~*~*~tactically~*~*~ (hiding).
 21360 | D:12     | 21360 ||| Stepping ~*~*~tactically~*~*~ (hiding).
 21371 | D:12     | 21371 ||| Stepping ~*~*~tactically~*~*~ (hiding).
 21372 | D:12     | 21372 ||| Stepping ~*~*~tactically~*~*~ (hiding).
 21378 | D:12     | Received a gift from Trog
 21384 | D:12     | 21384 ||| FLEEEEING.
 21385 | D:12     | 21385 ||| FLEEEEING.
 21386 | D:12     | 21386 ||| FLEEEEING.
 21387 | D:12     | 21387 ||| FLEEEEING.
 21388 | D:12     | 21388 ||| FLEEEEING.
 21389 | D:12     | 21389 ||| FLEEEEING.
 21390 | D:12     | 21390 ||| STAIRDANCE
 21566 | D:12     | 21566 ||| STAIRDANCE
 21571 | D:12     | 21571 ||| STAIRDANCE
 21610 | D:12     | Found a staircase to the Orcish Mines.
 21618 | D:12     | 21618 ||| READING 2 scrolls of enchant weapon.
 21618 | D:12     | 21618 ||| ENCHANTING +1 broad axe of venom.
 21619 | D:12     | 21619 ||| READING scroll of enchant weapon.
 21619 | D:12     | 21619 ||| ENCHANTING +2 broad axe of venom.
 21700 | D:12     | Reached skill level 15 in Armour
 21727 | D:12     | Found a transporter.
 21746 | D:12     | Found a transporter.
 21846 | D:12     | 21846 ||| INVOKING Brothers in Arms.
 21848 | D:12     | 21848 ||| SWAPPING to +1 morningstar of holy wrath.
 21849 | D:12     | 21849 ||| INVOKING Berserk.
 21856 | D:12     | 21856 ||| SWAPPING to +3 broad axe of venom.
 22073 | D:12     | 22073 ||| FLEEEEING.
 22074 | D:12     | 22074 ||| FLEEEEING.
 22075 | D:12     | 22075 ||| FLEEEEING.
 22076 | D:12     | 22076 ||| FLEEEEING.
 22122 | D:12     | 22122 ||| Stepping ~*~*~tactically~*~*~ (stealth).
 22124 | D:12     | 22124 ||| Stepping ~*~*~tactically~*~*~ (hiding).
 22127 | D:12     | 22127 ||| Stepping ~*~*~tactically~*~*~ (hiding).
 22128 | D:12     | 22128 ||| Stepping ~*~*~tactically~*~*~ (hiding).
 22131 | D:12     | 22131 ||| DRINKING potion of cancellation.
 22358 | D:12     | Noticed Psyche
 22367 | D:12     | Killed Psyche
 22421 | D:12     | Found a portal to a secret trove of treasure.
 22564 | D:13     | 22564 ||| INVOKING Berserk.
 22697 | D:13     | Noticed Josephine
 22712 | D:13     | Killed Josephine
 22858 | D:13     | 22858 ||| READING scroll of enchant weapon.
 22858 | D:13     | 22858 ||| ENCHANTING +3 broad axe of venom.
 22896 | D:13     | 22896 ||| INVOKING Brothers in Arms.
 22897 | D:13     | 22897 ||| INVOKING Brothers in Arms.
 22899 | D:13     | 22899 ||| SWAPPING to +1 morningstar of holy wrath.
 22900 | D:13     | 22900 ||| INVOKING Berserk.
 22923 | D:13     | 22923 ||| SWAPPING to +4 broad axe of venom.
 23027 | D:13     | Reached skill level 6 in Dodging
 23073 | D:13     | Noticed Kirke
 23074 | D:13     | 23074 ||| Stepping ~*~*~tactically~*~*~ (stealth).
 23076 | D:13     | 23076 ||| Stepping ~*~*~tactically~*~*~ (stealth).
 23079 | D:13     | 23079 ||| Stepping ~*~*~tactically~*~*~ (stealth).
 23081 | D:13     | 23081 ||| INVOKING Trog's Hand.
 23085 | D:13     | 23085 ||| INVOKING Berserk.
 23097 | D:13     | Killed Kirke
 23132 | D:13     | 23132 ||| Stepping ~*~*~tactically~*~*~ (stealth).
 23274 | D:13     | 23274 ||| Stepping ~*~*~tactically~*~*~ (hiding).
 23276 | D:13     | 23276 ||| Stepping ~*~*~tactically~*~*~ (hiding).
 23536 | D:13     | 23536 ||| Stepping ~*~*~tactically~*~*~ (hiding).
 23552 | D:13     | 23552 ||| Stepping ~*~*~tactically~*~*~ (hiding).
 24075 | D:14     | 24075 ||| PLANNING GAUNTLET
 24167 | D:14     | 24167 ||| INVOKING Berserk.
 24188 | D:14     | Reached skill level 18 in Fighting
 24245 | D:14     | Identified the +0 rapier "Conservator" {vorpal, rPois
                  | Will+}
 24370 | D:14     | Found a gate leading to a gauntlet.
 24371 | D:14     | 24371 ||| Stepping ~*~*~tactically~*~*~ (stealth).
 24377 | D:14     | 24377 ||| INVOKING Berserk.
 24386 | D:14     | Reached XP level 16. HP: 157/157 MP: 15/15
 24479 | Gauntlet | Entered a Gauntlet
 24479 | Gauntlet | Found a transporter.
 24489 | Gauntlet | Found a transporter.
 24503 | Gauntlet | Found a transporter.
 24508 | Gauntlet | Found a transporter.
 24523 | Gauntlet | Found a transporter.
 24542 | Gauntlet | Found a transporter.
 24554 | Gauntlet | Found a transporter.
 24560 | Gauntlet | Found a transporter.
 24562 | Gauntlet | Found a transporter.
 24579 | Gauntlet | Found a transporter.
 24591 | Gauntlet | Found a transporter.
 24603 | Gauntlet | Found a transporter.
 24620 | Gauntlet | Found a transporter.
 24637 | Gauntlet | Found a transporter.
 24639 | Gauntlet | Found a transporter.
 24664 | Gauntlet | Found a transporter.
 24666 | Gauntlet | Found a transporter.
 24668 | Gauntlet | Found a transporter.
 24888 | Gauntlet | 24888 ||| INVOKING Berserk.
 24936 | Gauntlet | 24936 ||| Stepping randomly (stuck).
 24937 | Gauntlet | 24937 ||| Stepping randomly (stuck).
 24939 | Gauntlet | 24939 ||| Stepping randomly (stuck).
 24940 | Gauntlet | 24940 ||| Stepping randomly (stuck).
 24941 | Gauntlet | 24941 ||| Stepping randomly (stuck).
 24942 | Gauntlet | 24942 ||| Stepping randomly (stuck).
 24943 | Gauntlet | 24943 ||| Stepping randomly (stuck).
 24944 | Gauntlet | 24944 ||| Stepping randomly (stuck).
 24945 | Gauntlet | 24945 ||| Stepping randomly (stuck).
 24947 | Gauntlet | 24947 ||| Stepping randomly (stuck).
 24948 | Gauntlet | 24948 ||| Stepping randomly (stuck).
 24949 | Gauntlet | 24949 ||| Stepping randomly (stuck).
 24950 | Gauntlet | 24950 ||| Stepping randomly (stuck).
 24951 | Gauntlet | 24951 ||| Stepping randomly (stuck).
 24953 | Gauntlet | 24953 ||| Stepping randomly (stuck).
 24955 | Gauntlet | 24955 ||| Stepping randomly (stuck).
 24957 | Gauntlet | 24957 ||| Stepping randomly (stuck).
 24958 | Gauntlet | 24958 ||| Stepping randomly (stuck).
 24973 | Gauntlet | 24973 ||| UPGRADING to scarf of repulsion.
 25093 | Gauntlet | 25093 ||| INVOKING Brothers in Arms.
 25096 | Gauntlet | 25096 ||| INVOKING Brothers in Arms.
 25098 | Gauntlet | 25098 ||| INVOKING Brothers in Arms.
 25104 | Gauntlet | Identified the +0 cloak of Foniwk {Will+++ Regen+ Dex-4
                  | Slay+2}
 25110 | Gauntlet | 25110 ||| UPGRADING to +0 cloak of Foniwk {Will+++ Regen+
                  | Dex-4 Slay+2}.
 25120 | Gauntlet | 25120 ||| DROPPING scarf of repulsion.
 25121 | Gauntlet | 25121 ||| UPGRADING to +4 ring of slaying {mikee}.
 25130 | Gauntlet | 25130 ||| INVOKING Berserk.
 25259 | Gauntlet | Identified the +7 trident of Light {protect, Will+}
 25278 | D:14     | 25278 ||| PLANNING D
 25358 | D:14     | Found a gate to the Vaults.
 25360 | D:14     | 25360 ||| INVOKING Trog's Hand.
 25412 | D:14     | 25412 ||| Stepping ~*~*~tactically~*~*~ (stealth).
 25751 | D:15     | Entered Level 15 of the Dungeon
 25752 | D:15     | 25752 ||| STAIRDANCE
 25757 | D:15     | 25757 ||| STAIRDANCE
 25773 | D:15     | Reached skill level 9 in Throwing
 25773 | D:15     | 25773 ||| Stepping ~*~*~tactically~*~*~ (stealth).
 25774 | D:15     | 25774 ||| Stepping ~*~*~tactically~*~*~ (stealth).
 25776 | D:15     | Identified the +3 chain mail of the Pits of Slime {rCorr
                  | Dex+2}
 25778 | D:15     | 25778 ||| INVOKING Berserk.
 25854 | D:15     | 25854 ||| Stepping ~*~*~tactically~*~*~ (stealth).
 25858 | D:15     | 25858 ||| Stepping ~*~*~tactically~*~*~ (stealth).
 25860 | D:15     | 25860 ||| Stepping ~*~*~tactically~*~*~ (stealth).
 25868 | D:15     | 25868 ||| INVOKING Berserk.
 26074 | D:15     | 26074 ||| Stepping ~*~*~tactically~*~*~ (hiding).
 26076 | D:15     | 26076 ||| Stepping ~*~*~tactically~*~*~ (stealth).
 26078 | D:15     | 26078 ||| Stepping ~*~*~tactically~*~*~ (stealth).
 26082 | D:15     | 26082 ||| INVOKING Trog's Hand.
 26086 | D:15     | 26086 ||| INVOKING Berserk.
 26529 | D:15     | 26529 ||| INVOKING Berserk.
 26586 | D:15     | Found a staircase to the Depths.
 26651 | D:15     | 26651 ||| PLANNING ORC
 26651 | D:15     | 26651 ||| UPGRADING to +3 chain mail of the Pits of Slime
                  | {rCorr Dex+2}.
 26661 | D:15     | 26661 ||| UPGRADING to +0 ice dragon scales.
 26738 | Orc:1    | Entered Level 1 of the Orcish Mines
 26768 | Orc:1    | Found Ruareih's Self-Improvement Boutique.
 27001 | Orc:2    | Entered Level 2 of the Orcish Mines
 27001 | Orc:2    | Found Hyiri's Magic Scroll Boutique.
 27019 | Orc:2    | Noticed Maurice
 27024 | Orc:2    | Killed Maurice
 27034 | Orc:2    | Noticed Jorgrun
 27038 | Orc:2    | 27038 ||| INVOKING Berserk.
 27045 | Orc:2    | Killed Jorgrun
 27050 | Orc:2    | Noticed Rupert
 27059 | Orc:2    | 27059 ||| INVOKING Trog's Hand.
 27072 | Orc:2    | HP: 30/158 [Rupert/+0 great mace of protection (22)]
 27073 | Orc:2    | 27073 ||| READING 7 scrolls of teleportation.
 27074 | Orc:2    | 27074 ||| DRINKING 9 potions of heal wounds.
 27079 | Orc:2    | Killed Rupert
 27085 | Orc:2    | 27085 ||| INVOKING Brothers in Arms.
 27087 | Orc:2    | 27087 ||| INVOKING Brothers in Arms.
 27330 | Orc:2    | 27330 ||| Stepping ~*~*~tactically~*~*~ (stealth).
 27372 | Orc:2    | Found Hedghoeg's Distillery.
 27374 | Orc:2    | Found Fuihuhukh's Magic Scroll Boutique.
 27378 | Orc:2    | 27378 ||| INVOKING Berserk.
 27448 | Orc:2    | 27448 ||| Stepping ~*~*~tactically~*~*~ (stealth).
 27451 | Orc:2    | 27451 ||| Stepping ~*~*~tactically~*~*~ (stealth).
 27456 | Orc:2    | 27456 ||| Stepping ~*~*~tactically~*~*~ (hiding).
 27468 | Orc:2    | 27468 ||| Stepping ~*~*~tactically~*~*~ (stealth).
 27490 | Orc:2    | 27490 ||| Stepping ~*~*~tactically~*~*~ (stealth).
 27493 | Orc:2    | 27493 ||| BUYING 2 potions of curing (72 gold).
 27493 | Orc:2    | Bought 2 potions of curing for 72 gold pieces
 27493 | Orc:2    | 27493 ||| BUYING potion of curing (36 gold).
 27493 | Orc:2    | Bought a potion of curing for 36 gold pieces
 27493 | Orc:2    | 27493 ||| BUYING potion of heal wounds (60 gold).
 27493 | Orc:2    | Bought a potion of heal wounds for 60 gold pieces
 27493 | Orc:2    | 27493 ||| BUYING potion of heal wounds (60 gold).
 27493 | Orc:2    | Bought a potion of heal wounds for 60 gold pieces
 27493 | Orc:2    | 27493 ||| BUYING potion of resistance (120 gold).
 27493 | Orc:2    | Bought a potion of resistance for 120 gold pieces
 27495 | Orc:2    | 27495 ||| BUYING scroll of brand weapon (142 gold).
 27495 | Orc:2    | Bought a scroll of brand weapon for 142 gold pieces
 27495 | Orc:2    | 27495 ||| BUYING scroll of enchant weapon (112 gold).
 27495 | Orc:2    | Bought a scroll of enchant weapon for 112 gold pieces
 27495 | Orc:2    | 27495 ||| BUYING scroll of identify (30 gold).
 27495 | Orc:2    | Bought a scroll of identify for 30 gold pieces
 27495 | Orc:2    | 27495 ||| BUYING scroll of teleportation (45 gold).
 27495 | Orc:2    | Bought a scroll of teleportation for 45 gold pieces
 27495 | Orc:2    | 27495 ||| READING scroll of brand weapon.
 27495 | Orc:2    | 27495 ||| BRANDING +4 broad axe of venom.
 27496 | Orc:2    | 27496 ||| READING scroll of enchant weapon.
 27496 | Orc:2    | 27496 ||| ENCHANTING +4 broad axe of freezing.
 27550 | Orc:2    | Found a staircase to the Elven Halls.
 27590 | Orc:2    | 27590 ||| BUYING scroll of teleportation (45 gold).
 27590 | Orc:2    | Bought a scroll of teleportation for 45 gold pieces
 27590 | Orc:2    | 27590 ||| BUYING scroll of teleportation (45 gold).
 27590 | Orc:2    | Bought a scroll of teleportation for 45 gold pieces
 27791 | Orc:2    | 27791 ||| Stepping ~*~*~tactically~*~*~ (hiding).
 27795 | Orc:2    | 27795 ||| INVOKING Trog's Hand.
 27796 | Orc:2    | 27796 ||| INVOKING Berserk.
 27798 | Orc:2    | Reached skill level 19 in Fighting
 27808 | Orc:2    | 27808 ||| INVOKING Brothers in Arms.
 27814 | Orc:2    | 27814 ||| INVOKING Trog's Hand.
 27836 | Orc:2    | 27836 ||| INVOKING Brothers in Arms.
 27837 | Orc:2    | 27837 ||| INVOKING Trog's Hand.
 27837 | Orc:2    | HP: 23/152 [orc sorcerer/bolt of fire (22)]
 27838 | Orc:2    | 27838 ||| READING 9 scrolls of teleportation.
 27838 | Orc:2    | Killed from afar by a smoke demon

Levels and vault maps discovered:
D:1:      dpeg_arrival_caged_fury, layout_basic
D:2:      layout_basic, hellmonk_ecumenical_altar_zigzags
D:3:      layout_loops_ring, fedhas_altar_1, st_stairs_4,
          uniq_crazy_yiuf_cottage, uniq_robin, uniq_ijyb, uniq_natasha
D:4:      layout_basic, kennysheep_mini_moat, uniq_duvessa, uniq_menkaure
D:5:      gammafunk_steamed_eel, layout_layer_cave,
          lemuel_coloured_pillars_altar, old_standard_altar, minivault_14,
          uniq_eustachio
D:6:      layout_gridville, minmay_temple_entry_fiery
D:7:      layout_loops_corners, gammafunk_ghost_grave
D:8:      layout_rooms, lemuel_doored_altar, elyvilon_altar_3, minivault_25
D:9:      layout_stronghold, marbit_many_paths,
          ploomutoo_gammafunk_ghost_potion_laboratory
D:10:     layout_long_grid, amethyst_overflow_temple_binary, david_lair_generic,
          serial_shops, nicolae_shop_hallway_stairs, uniq_erolcha, uniq_urug
D:11:     layout_basic, dreamdust_princess_bridge, minivault_22
D:12:     gammafunk_worm_tunnel, layout_grid_maze, erik_orc_4, enter_trove_6,
          minmay_lizard_king, uniq_psyche
D:13:     layout_grid_maze, uniq_josephine, uniq_kirke
D:14:     layout_gridville, david_vaults_1, gauntlet_entry_generic,
          nicolae_titane
D:15:     grunt_enter_depths_hoard, layout_rooms
Lair:1:   layout_cave_pods, uniq_joseph
Lair:2:   layout_misc_corridors, elwin_shoals_entry_rocks,
          chequers_serial_rivers_room_b, grunt_megastairs_4
Lair:3:   layout_regular_city, spider_nest_entry_web_field,
          maelrawn_ghost_gauntlet_escape, guppyfry_lair_drakes
Lair:4:   wad_woods_stonehenge, layout_regular_city, st_stairs_7, uniq_sonja
Lair:5:   hangedman_lair_caniforms_friends, layout_long_grid,
          hangedman_lair_tendril_chambers, slime_entry_1
Orc:1:    layout_diamond_mine, nicolae_shop_self_help
Orc:2:    pf_orc_diabolical, layout_diamond_mine, serial_shops, shop,
          uniq_maurice, uniq_jorgrun, uniq_rupert

Skill      XL: |  1  2  3  4  5  6  7  8  9 10 11 12 13 14 15 16 |
---------------+-------------------------------------------------+-----
Axes           | 4 5 6 7 8 10 12 13 16 18 | 18.0
Throwing       | 1 4 5 6 7 8 10 | 10.0
Fighting       | 4 5 6 8 9 10 13 15 16 18 19 | 19.0
Armour         | 4 5 6 7 9 11 13 14 15 16 | 16.2
Dodging        | 3 4 5 6 7 |  7.1
Shields        | 4 9 10 11 | 11.3

Action                   |  1- 3 |  4- 6 |  7- 9 | 10-12 | 13-15 | 16-18 || total
-------------------------+-------+-------+-------+-------+-------+-------++-------
Melee: Hand axe          |    95 |    56 |       |       |       |       ||   151
       Headbutt          |    11 |     7 |    24 |    82 |   141 |    50 ||   315
       Punch             |     2 |     1 |       |     2 |       |       ||     5
       War axe           |       |     9 |   169 |   179 |       |       ||   357
       Broad axe         |       |       |       |   173 |   584 |   247 ||  1004
       Morningstar       |       |       |       |     5 |    17 |       ||    22
Throw: Javelin           |       |    10 |    47 |    83 |   130 |    26 ||   296
       Boomerang         |       |       |       |    12 |    98 |     3 ||   113
Invok: Berserk           |     2 |     7 |     8 |    23 |    23 |     9 ||    72
       Trog's Hand       |       |       |       |     1 |     1 |     6 ||     8
       Brothers in Arms  |       |       |       |     1 |     4 |     4 ||     9
  Use: Scroll            |     3 |     7 |     6 |     7 |     8 |     4 ||    35
       Potion            |     1 |     2 |     1 |     3 |     5 |     1 ||    13
 Stab: Petrified         |       |       |       |       |     2 |       ||     2
Armor: Animal skin       |     9 |       |       |       |       |       ||     9
       Plate armour      |    37 |    33 |    97 |   143 |   342 |    57 ||   709
       Ice dragon scales |       |       |       |       |       |    52 ||    52
Dodge: Dodged            |    29 |    16 |    69 |   103 |   327 |    80 ||   624
       Repelled          |       |       |       |       |       |     2 ||     2
Block: Buckler           |       |       |       |     4 |   154 |    58 ||   216

Table legend:
 A = Non-vault XP
 B = Vault XP
 C = Vault XP percentage of total XP
 D = Non-vault monster count
 E = Vault monster count
 F = Vault count percentage of total count
                 A         B        C        D         E       F
            +---------+---------+-------+---------+---------+-------
      Total |   97560 |   53049 |  35.2 |     432 |     261 |  37.7
            +---------+---------+-------+---------+---------+-------
        D:1 |      33 |      42 |  56.0 |      19 |      21 |  52.5
        D:2 |      35 |       0 |   0.0 |      20 |       0 |   0.0
        D:3 |      49 |     123 |  71.5 |       7 |      15 |  68.2
        D:4 |     295 |     394 |  57.2 |      12 |       3 |  20.0
        D:5 |     347 |     211 |  37.8 |      18 |       1 |   5.3
        D:6 |     461 |       0 |   0.0 |      13 |       0 |   0.0
        D:7 |    2501 |       0 |   0.0 |      12 |       0 |   0.0
        D:8 |    1285 |       0 |   0.0 |      28 |       0 |   0.0
        D:9 |    2613 |      41 |   1.5 |      31 |       1 |   3.1
       D:10 |    1898 |    2590 |  57.7 |      12 |       6 |  33.3
       D:11 |    5763 |       6 |   0.1 |      23 |       2 |   8.0
       D:12 |    4129 |    2002 |  32.7 |      11 |      25 |  69.4
       D:13 |    8810 |    4571 |  34.2 |      15 |      13 |  46.4
       D:14 |   12865 |    2356 |  15.5 |      30 |       3 |   9.1
       D:15 |    9053 |    1696 |  15.8 |      28 |       2 |   6.7
     Lair:1 |    3712 |     466 |  11.2 |      13 |       1 |   7.1
     Lair:2 |    4759 |     382 |   7.4 |      12 |       1 |   7.7
     Lair:3 |   12632 |     411 |   3.2 |      30 |       1 |   3.2
     Lair:4 |   10007 |    2112 |  17.4 |      36 |       8 |  18.2
     Lair:5 |   11280 |   19275 |  63.1 |      26 |      91 |  77.8
      Orc:1 |     706 |       0 |   0.0 |      15 |       0 |   0.0
      Orc:2 |    4327 |   13470 |  75.7 |      21 |      57 |  73.1
   Gauntlet |       0 |    2901 | 100.0 |       0 |      10 | 100.0
            +---------+---------+-------+---------+---------+-------
